 Dungeon Crawl Stone Soup version 0.21-a0-283-g622b906 (webtiles) character file.

53 OrcPride the Chopper (level 3, 0/33 HPs)
             Began as a Hill Orc Berserker on Sept 24, 2017.
             Was a Believer of Trog.
             Slain by Nithhogg's ghost (5 damage)
             ... on level 3 of the Dungeon.
             The game lasted 00:05:00 (2270 turns).

OrcPride the Chopper (Hill Orc Berserker)           Turns: 2270, Time: 00:05:00

Health: 0/33       AC:  3    Str: 20    XL:     3   Next: 87%
Magic:  3/3        EV: 12    Int:  7    God:    Trog [**....]
Gold:   101        SH:  0    Dex: 10    Spells: 2/2 levels left

rFire    . . .     SeeInvis .   h - +1 whip (venom)
rCold    . . .     Gourm    .   (no shield)
rNeg     + . .     Faith    .   b - +0 animal skin
rPois    .         Spirit   .   f - +0 helmet
rElec    .         Reflect  .   (no cloak)
rCorr    .         Harm     .   (no gloves)
MR       .....                  (no boots)
Stlth    +.........             (no amulet)
HPRegen  0.11/turn              (no ring)
MPRegen  0.08/turn              k - ring of positive energy

@: berserk cooldown, slowed, very slow
A: no striking features
a: Berserk, Trog's Hand, Burn Spellbooks, Renounce Religion


You were on level 3 of the Dungeon.
You worshipped Trog.
Trog was pleased with you.
You were hungry.

You visited 1 branch of the dungeon, and saw 3 of its levels.

You collected 101 gold pieces.

Inventory:

Hand Weapons
 a - a +0 hand axe
 h - a +1 whip of venom (weapon)
Armour
 b - a +0 animal skin (worn)
 f - a +0 helmet (worn)
Jewellery
 e - an uncursed ring of ice
 k - a ring of positive energy (right hand)
Scrolls
 d - 2 scrolls of remove curse {unknown}
 g - a scroll of amnesia {unknown}
 i - 2 scrolls of identify {unknown}
 j - a scroll of teleportation {unknown}
Comestibles
 c - a bread ration


   Skills:
 + Level 4.0 Fighting
 + Level 5.2(5.3) Axes
 + Level 0.4(2.7) Maces & Flails
 + Level 2.7 Armour
 + Level 1.7 Dodging


You had 2 spell levels left.
You didn't know any spells.

Dungeon Overview and Level Annotations

Branches:
Dungeon (3/15)

Altars:

Annotations:
D:3 Nithhogg's ghost, amateur DsAK


Message History

You are exhausted.
You feel yourself slow down.
Nithhogg's ghost hits you but does no damage.
You hit Nithhogg's ghost.
Nithhogg's ghost is almost destroyed.
Nithhogg's ghost hits you. Nithhogg's ghost freezes you.
You aren't carrying any potions.
Nithhogg's ghost hits you.
* * * LOW HITPOINT WARNING * * *
Nithhogg's ghost freezes you.
* * * LOW HITPOINT WARNING * * *
Nithhogg's ghost hits you.
* * * LOW HITPOINT WARNING * * *
Nithhogg's ghost freezes you.
* * * LOW HITPOINT WARNING * * *
Unknown command.
Nithhogg's ghost laughs crazily.
The hobgoblin hits you but does no damage.
Nithhogg's ghost hits you.
You die...

. #. #.#.# .#.# #### #
#.####... .##. #.#....
#....# # #
#.#..#####..##.# .#.
#...............
###.######..g....†#...#.#
..........@W............
#
###.#####.#########.#.#.#
#.#....)....# #
#..<..#####.# .......###
#.# .#..#... #.# ...
##... ..# .# ...## ###
.#.#


You could see Nithhogg's ghost and a hobgoblin.

Vanquished Creatures
  2 worms
  A dart slug (D:1)
  2 leopard geckos
  A ball python (D:2)
  2 giant cockroaches (D:2)
  9 goblins
  5 hobgoblins
  6 jackals
  A bat (D:2)
  A frilled lizard (D:1)
  5 kobolds
  3 rats
38 creatures vanquished.

Notes
Turn   | Place    | Note
-------+----------+-------------------------------------------
     0 | D:1      | OrcPride the Hill Orc Berserker began the quest for the Orb.
     0 | D:1      | Reached XP level 1. HP: 19/19 MP: 1/1
   212 | D:1      | Reached XP level 2. HP: 24/27 MP: 2/2
  1209 | D:2      | Reached XP level 3. HP: 33/33 MP: 3/3
  1462 | D:2      | Reached ** piety under Trog
  1462 | D:2      | Reached skill level 5 in Axes
  2249 | D:3      | Noticed Nithhogg's ghost (amateur DsAK)
  2270 | D:3      | Slain by Nithhogg's ghost

Vault maps used:
D:1:      saegor_arrival_miasma, due_unseen_surprise
D:2:      cheibrodos_greedy_goblins, kennysheep_small_spiral
D:3:      serial_co_window_serial, co_window_corner_a, co_window_paths_b,
          co_window_paths_a, co_window_of_opportunity_a, co_window_corner_a,
          co_window_of_opportunity_c, co_window_broadway_b,
          co_window_broadway_c, glass_columns_c

Skill      XL: |  1  2  3 |
---------------+----------+-----
Axes           | 5 |  5.2
Fighting       | 4 |  4.0
Maces & Flails | |  0.4
Armour         | |  2.7
Dodging        | |  1.7

Action                   || total
-------------------------++-------
Melee: Hand axe          ||    74
       Whip              ||    45
Invok: Berserk           ||     2
  Eat: Chunk             ||     5
Armor: Animal skin       ||    12
Dodge: Dodged            ||    63

Table legend:
 A = Spawn XP
 B = Non-spawn XP
 C = Spawn XP percentage of total XP
 D = Spawn monster count
 E = Non-spawn monster count
 F = Spawn count percentage of total count
 G = Total turns spent on level
                    A         B        C        D         E        F      G
               +---------+---------+-------+---------+---------+-------+---------
         Total |       0 |      76 |   0.0 |       0 |      38 |   0.0 |  2270
               +---------+---------+-------+---------+---------+-------+---------
           D:1 |       0 |      24 |   0.0 |       0 |      13 |   0.0 |  1084
           D:2 |       0 |      46 |   0.0 |       0 |      23 |   0.0 |  1111
           D:3 |       0 |       6 |   0.0 |       0 |       2 |   0.0 |    75
               +---------+---------+-------+---------+---------+-------+---------
